 Dungeon Crawl Stone Soup version 0.32-a0-470-g255bbe2f98 (webtiles) character file.

Game seed: 8914218179515552774

87895 CrazyBamboolord the Fighter (level 15, -4/136 HPs)
             Began as a Mountain Dwarf Necromancer on Feb 25, 2024.
             Was a High Priest of Kikubaaqudgha.
             Killed from afar by a crystal guardian (35 damage)
             ... with a crystal bolt
             ... on level 15 of the Dungeon.
             The game lasted 01:19:14 (31989 turns).

CrazyBamboolord the Fighter (MDNe)                 Turns: 31989, Time: 01:19:14

Health: -4/136     AC: 32    Str: 11    XL:     15   Next: 45%
Magic:  32/39      EV:  9    Int: 31    God:    Kikubaaqudgha [*****.]
Gold:   280        SH:  5    Dex: 13    Spells: 10/37 levels left

rFire   . . .        y - +7 staff of the Meek {protect, meekguard}
rCold   . . .        (shield currently unavailable)
rNeg    . . .        U - +1 scale mail {Will+}
rPois   +            S - +1 hat {SInv}
rElec   .            R - scarf {repulsion}
rCorr   .            N - +2 pair of gloves {Dex+3}
SInv    +            j - +2 pair of boots of the Mantidfly {rPois Int+2}
Will    ++...        T - amulet of reflection Stlth
                     O - +6 ring of intelligence
HPRegen 0.42/turn    X - ring "Fiegager" {MP+9 SInv}
MPRegen 0.26/turn

%: repel missiles, reflection
@: death channelling, marked, under a protective aura
A: runic magic, artefact enchanting
a: Renounce Religion, Unearth Wretches, Torment


You were on level 15 of the Dungeon.
You worshipped Kikubaaqudgha.
Kikubaaqudgha was extremely pleased with you.
You visited 4 branches of the dungeon, and saw 23 of its levels.

You collected 2429 gold pieces.
You spent 2149 gold pieces at shops.

Inventory:

Hand Weapons
 y - the +7 staff of the Meek (weapon) {protect, meekguard}
   (You found it on level 3 of the Dungeon)
Missiles
 Q - a throwing net
Armour
 j - the +2 pair of boots of the Mantidfly (worn) {rPois Int+2}
   (You bought it in a shop on level 2 of the Orcish Mines)

   Int+2:     It affects your intelligence (+2).
   rPois:     It protects you from poison
 N - a +2 pair of gloves of dexterity (worn)
 R - a scarf of repulsion (worn)
 S - a +1 hat of see invisible (worn)
 U - a +1 scale mail of willpower (worn)
Magical Staves
 x - a staff of death
Jewellery
 u - a ring of resist corrosion
 z - the ring "Lufureuh" {+Blink rElec rC- rN+ Will++}
   (You bought it in a shop on level 2 of the Orcish Mines)

   [ring of positive energy]

   rC-:       It makes you vulnerable to cold.
   rElec:     It insulates you from electricity.
   rN+:       It protects you from negative energy.
   Will++:    It greatly increases your willpower.
   +Blink:    It lets you blink.
 D - a ring of flight
 O - a +6 ring of intelligence (left hand)
 P - a ring of positive energy
 T - an amulet of reflection (around neck)
 X - the ring "Fiegager" (right hand) {MP+9 SInv}
   (You bought it in a shop on level 2 of the Orcish Mines)

   [ring of see invisible]

   MP+9:      It affects your magic capacity (+9).
   SInv:      It lets you see invisible.
Wands
 q - a wand of flame (15)
 F - a wand of mindburst (20)
 G - a wand of polymorph (39)
 H - a wand of digging (18)
 K - a wand of roots (4)
 Z - a wand of acid (2)
Scrolls
 d - a scroll of brand weapon {unknown}
 g - 3 scrolls of vulnerability
 h - 3 scrolls of enchant weapon
 k - 2 scrolls of torment
 l - 4 scrolls of poison
 o - 3 scrolls of amnesia
 p - 5 scrolls of immolation
 t - a scroll of blinking
 v - 4 scrolls of revelation
 B - 4 scrolls of enchant armour
 I - 6 scrolls of fear
 M - 2 scrolls of noise
 V - 2 scrolls of fog
Potions
 a - a potion of cancellation {unknown}
 b - a potion of experience {unknown}
 e - 2 potions of haste
 f - 4 potions of mutation
 i - 2 potions of invisibility
 m - a potion of brilliance {unknown}
 n - 6 potions of berserk rage
 r - 6 potions of curing
 w - 3 potions of might
 A - 2 potions of lignification {unknown}
 C - 2 potions of enlightenment {unknown}
 E - a potion of attraction {unknown}
 W - 2 potions of magic
Miscellaneous
 Y - a condenser vane


   Skills:
 + Level 13.3 Fighting
 + Level 12.8 Staves
 + Level 13.0 Armour
 - Level 1.3 Dodging
 - Level 1.4 Stealth
 * Level 11.8 Spellcasting
 - Level 8.0 Summonings
 + Level 13.0 Necromancy


You had 10 spell levels left.
You knew the following spells:

 Your Spells              Type           Power      Damage    Failure   Level
a - Necrotise             Necr           100%       1d9       1%          1
b - Vampiric Draining     Necr           78%        2d11      1%          3
c - Animate Dead          Necr           78%        N/A       1%          4
e - Curse of Agony        Necr           78%        N/A       1%          5
f - Dispel Undead         Necr           78%        3d26      1%          4
g - Martyr's Knell        Necr/Summ      70%        N/A       1%          4
h - Death Channel         Necr           39%        N/A       2%          6

Your spell library contained the following spells:

 Spells                   Type           Power      Damage    Failure   Level
 Kiss of Death            Conj/Necr      100%       2d13      1%          1
 Sublimation of Blood     Necr           78%        N/A       1%          2
 Summon Ice Beast         Ice/Summ       43%        N/A       2%          3
 Apportation              Tloc           36%        N/A       3%          1
 Magic Dart               Conj           72%        1d6       3%          1
 Sting                    Conj/Alch      72%        1d7       3%          1
 Jinxbite                 Hex            36%        N/A       5%          2
 Scorch                   Fire           36%        2d6       5%          2
 Searing Ray              Conj           36%        2d5       5%          2
 Animate Armour           Summ/Erth      86%        N/A       7%          4
 Summon Blazeheart Golem  Fire/Summ      43%        N/A       7%          4
 Summon Lightning Spire   Summ/Air       43%        N/A       7%          4
 Frozen Ramparts          Ice            36%        1d6       11%         3
 Summon Mana Viper        Hex/Summ       43%        N/A       21%         5
 Summon Cactus Giant      Summ           30%        N/A       22%         6
 Flame Wave               Conj/Fire      18%        2d7       36%         4
 Fulminant Prism          Conj/Alch      9%         3d7       36%         4
 Leda's Liquefaction      Alch/Erth      9%         N/A       36%         4
 Petrify                  Alch/Erth      18%        N/A       36%         4
 Alistair's Intoxication  Alch           12%        N/A       71%         5
 Arcjolt                  Conj/Air       9%         1d19      71%         5
 Iskenderun's Battlesphe  Conj           18%        2d7       71%         5
 Lee's Rapid Deconstruct  Erth           9%         3d7*      71%         5
 Metabolic Englaciation   Hex/Ice        9%         N/A       71%         5
 Monstrous Menagerie      Summ           30%        N/A       75%         7
 Bombard                  Conj/Erth      9%         9d2       99%         6
 Spellforged Servitor     Conj/Summ      21%        N/A       99%         7
 Orb of Destruction       Conj           9%         9d6       100%        7
 Lehudib's Crystal Spear  Conj/Erth      9%         10d4      100%        8


Dungeon Overview and Level Annotations

Branches:
Dungeon (15/15)            Temple (1/1) D:6            Lair (5/5) D:11
  Swamp (0/4) Lair:3       Spider (0/4) Lair:2        Slime (0/5) Lair:5
    Orc (2/2) D:9             Elf (0/3) Orc:2        Vaults (0/5) D:13
 Depths: D:15

Altars:
Ashenzari
Cheibriados
Dithmenos
Elyvilon
Fedhas
Gozag
Hepliaklqana
Kikubaaqudgha
Makhleb
Nemelex Xobeh
Okawaru
Qazlal
Ru
Sif Muna
Trog
Uskayaw
Vehumet
Wu Jian
Xom
Yredelemnul
Zin
The Shining One
Beogh
Jiyva

Shops:
D:7 ?   D:9 [   Orc:1 *   Orc:2 ==[!*

Annotations:
Orc:2 2 transporters, hofbold's ghost, journeyman MDFi


Innate Abilities, Weirdness & Mutations

Your spellcasting is much less encumbered by armour.
You can use scrolls of enchantment on lesser artefacts.


Message History

As you read the scroll of summoning, it crumbles to dust.
Wisps of shadow whirl around you... The fire crab breathes flames at you.
The blast of flame engulfs your red ugly thing.
Your red ugly thing resists.
Unknown command.
Okay, then.
You swap places.
A sixfirhy comes into view.
The fire crab misses your red ugly thing.
The fire crab closely misses your red ugly thing.
Two slime creatures merge to form a large slime creature.
Your slime creature is engulfed in blazing flames.
Your red ugly thing is engulfed in blazing flames.
Your red ugly thing gores the fire crab.
The fire crab is engulfed in flames.
The fire crab completely resists.
Unknown command.
You swap places.
The fire crab breathes flames at you.
The blast of flame engulfs your red ugly thing.
Your red ugly thing resists.
Your red ugly thing is engulfed in blazing flames. x2
Your slime creature is engulfed in blazing flames.
Your large slime creature is engulfed in blazing flames.
A large slime creature splits.
Your slime creature is engulfed in blazing flames.
Your red ugly thing is engulfed in blazing flames.
Your red ugly thing gores the fire crab.
The fire crab is engulfed in flames.
The fire crab completely resists.
You open the door.
A raiju comes into view.
You are engulfed in blazing flames.
The crystal guardian fires a crystalline bolt at you.
The crystal bolt burns your red ugly thing!!
Your red ugly thing resists.
The crystal bolt burns your red ugly thing!!
Your red ugly thing resists.
The crystal bolt burns you!!
You die...
Kikubaaqudgha rasps: You have failed me!
Welcome... death!

# #. #..
#..3#####
......BJ##
..#.9u#JJ#
....uJu@##
#..t#u#'#
+..Q.○..#
#.≈.#.#.#
#.$.+...#
### # .h#
... ....


You could see a crystal guardian (ally target), a fire crab (ally target), a
sixfirhy, a raiju, a tengu conjurer, a friendly boulder beetle (summoned), 4
friendly ugly things and 4 friendly slime creatures.

Vanquished Creatures
  Gastronok (Lair:1)
  Kirke (D:12)
  Nessos (D:12)
  6 two-headed ogres
  4 centaur warriors
  2 tengu warriors (D:14)
  2 boulder beetles
  3 death yaks
  An orc high priest (Orc:1)
  4 skeletal warriors (D:12)
  2 skysharks
  A lindwurm (D:15)
  A necromancer (Orc:1)
  Pikel (D:9)
  A steelbarb worm (shapeshifter) (D:13)
  3 deep elf pyromancers
  6 ugly things
  2 orc sorcerers (Orc:1)
  2 elephants
  3 kobold blastminers
  5 black mambas
  A salamander (shapeshifter) (D:14)
  2 gargoyles
  9 cane toads
  A kobold demonologist (D:10)
  Jeremiah (D:6)
  2 unseen horrors (D:10)
  A yaktaur (D:15)
  2 komodo dragons
  3 tengu conjurers
  An efreet (D:14)
  6 trolls
  4 hornets
  2 polar bears (Lair:5)
  A dream sheep (Lair:5)
  6 blink frogs
  A culicivora (Lair:2)
  A spriggan (shapeshifter) (D:13)
  7 spriggans (Lair:5)
  2 shadows
  2 wyverns
  An ettin skeleton (Orc:1)
  20 yaks
  2 wraiths (D:14)
  Grum (Lair:1)
  A hog (D:12)
  3 steam dragons
  5 basilisks
  4 wargs
  2 vampire mosquitoes (D:14)
  2 swamp worms (Lair:3)
  6 water moccasins
  15 orc warriors
  9 black bears
  2 sky beasts (D:7)
  An ettin simulacrum (Orc:1)
  An orc skeleton (Orc:1)
  2 boggarts (Lair:5)
  8 centaurs
  16 wolves
  3 ogres
  17 kobold brigands
  4 bullfrogs
  2 scorpions
  3 gnoll sergeants
  A two-headed ogre simulacrum (Orc:1)
  A cyclops zombie (Orc:1)
  3 wights (D:7)
  A cyclops skeleton (Orc:1)
  18 killer bees
  2 bombardier beetles
  3 hounds
  12 orc priests
  3 jellies (Lair:5)
  A gnoll bouda (D:6)
  A sleepcap (D:5)
  2 iguanas
  13 orc wizards
  An ogre zombie (Orc:1)
  16 gnolls
  11 adders
  2 shadow imps
  2 white imps
  2 orc simulacra (Orc:1)
  63 orcs
  5 ball pythons
  9 endoplasms
  4 giant cockroaches
  5 goblins
  3 hobgoblins
  3 jackals (D:3)
  2 quokkas (D:2)
  2 bats
  5 frilled lizards
  23 kobolds
  7 rats
463 creatures vanquished.

Vanquished Creatures (collateral kills)
  4 ogre magi (Orc:2)
  A hydra (Lair:3)
  2 catoblepae
  2 centaur warriors (D:13)
  10 two-headed ogres (Orc:2)
  5 death yaks
  A skyshark (Lair:5)
  2 necromancers (Orc:1)
  An orc sorcerer (Orc:2)
  An ugly thing (D:14)
  5 elephants (Lair:3)
  2 kobold blastminers (Orc:2)
  5 cane toads
  2 black mambas
  6 komodo dragons
  A rime drake (Lair:3)
  An ice devil (D:11)
  A polar bear (Lair:5)
  2 tyrant leeches (Lair:3)
  2 hornets (Lair:5)
  10 blink frogs
  2 culicivoras (Lair:2)
  5 spriggans (Lair:5)
  11 yaks
  A spriggan (shapeshifter) (D:13)
  A warg (Orc:2)
  A steam dragon (D:9)
  2 basilisks
  7 water moccasins
  4 orc warriors
  3 black bears
  A swamp drake (Lair:4)
  A sky beast (D:8)
  19 wolves
  26 ogres (Orc:2)
  2 boggarts (Lair:5)
  2 centaurs
  A lemure (D:9)
  An orc skeleton (Orc:1)
  5 bullfrogs
  A scorpion (Lair:2)
  A killer bee (D:9)
  2 electric eels (Lair:3)
  A warg simulacrum (Orc:1)
  9 jellies (Lair:5)
  A hound (D:5)
  An orc priest (D:9)
  4 orc wizards
  2 gnolls
  A white imp (D:7)
  20 orcs
  A hobgoblin (D:1)
  A rat (D:2)
206 creatures vanquished.

Vanquished Creatures (others)
  A hydra (Lair:2)
  A death yak (Lair:2)
  An orc high priest (Orc:2)
  An orc knight (Orc:2)
  2 ugly thing zombies (D:14)
  A lindwurm (Lair:4)
  A cyclops (D:12)
  An orc sorcerer (Orc:2)
  A cane toad (Lair:5)
  2 rime drakes
  A komodo dragon (Lair:5)
  2 death yak zombies
  A blink frog (Lair:5)
  A raiju (shapeshifter) (D:15)
  A dream sheep (Lair:2)
  A culicivora zombie (Lair:2)
  A black mamba zombie (Lair:1)
  2 humans (D:12)
  A yak (Lair:4)
  2 wargs (Orc:2)
  11 two-headed ogre zombies
  2 cane toad zombies (Lair:5)
  A hornet zombie (Lair:5)
  A black bear (Lair:1)
  4 ogres
  9 orc warriors
  4 elephant zombies
  2 dream sheep zombies
  10 blink frog zombies
  A rime drake zombie (Lair:4)
  A komodo dragon zombie (Lair:1)
  3 bullfrogs
  2 warg zombies (Orc:2)
  A water moccasin zombie (Lair:5)
  A spriggan zombie (Lair:5)
  3 yak zombies
  A troll zombie (D:12)
  A polar bear zombie (Lair:5)
  11 wolf zombies
  2 howler monkeys (D:12)
  3 bullfrog zombies
  9 centaur zombies
  4 black bear zombies
  6 killer bee zombies
  16 ogre zombies
  10 kobold zombies
  A gnoll zombie (Lair:1)
  An adder (D:6)
  2 jelly zombies (Lair:5)
  3 orcs
  23 orc zombies
174 creatures vanquished.

Grand Total: 843 creatures vanquished

Notes
Turn   | Place    | Note
-------+----------+-------------------------------------------
     0 | D:1      | CrazyBamboolord the Mountain Dwarf Necromancer began the
                  | quest for the Orb.
     0 | D:1      | Reached XP level 1. HP: 14/14 MP: 3/3
   127 | D:1      | Reached skill level 1 in Fighting
   128 | D:1      | Reached XP level 2. HP: 23/23 MP: 1/4
   201 | D:1      | Reached skill level 1 in Armour
   550 | D:1      | Found a faded altar of an unknown god.
  1151 | D:2      | Reached XP level 3. HP: 17/29 MP: 6/6
  1155 | D:2      | Learned a level 3 spell: Vampiric Draining
  1702 | D:2      | Reached XP level 4. HP: 36/36 MP: 7/7
  2128 | D:3      | Found a glowing golden altar of the Shining One.
  2328 | D:3      | Found a roughly hewn altar of Beogh.
  2328 | D:3      | Found the +7 staff of the Meek {protect, meekguard}
  2621 | D:3      | Reached XP level 5. HP: 44/44 MP: 8/8
  2668 | D:3      | Found a hazy altar of Hepliaklqana.
  2672 | D:3      | Found a sacrificial altar of Ru.
  2958 | D:4      | Reached skill level 5 in Necromancy
  2966 | D:4      | HP: 2/45 [poisoned by a scorpion]
  3215 | D:4      | Reached skill level 1 in Staves
  3403 | D:4      | Found a faded altar of an unknown god.
  3573 | D:4      | Reached XP level 6. HP: 46/51 MP: 9/9
  3855 | D:5      | Entered Level 5 of the Dungeon
  4267 | D:5      | Reached XP level 7. HP: 53/59 MP: 11/11
  4964 | D:5      | Reached skill level 5 in Armour
  5069 | D:5      | Reached skill level 5 in Fighting
  5561 | D:6      | Got the Cyclopedia of Beaming Burning
  5659 | D:6      | Reached XP level 8. HP: 63/68 MP: 12/12
  5734 | D:6      | Noticed Jeremiah
  5746 | D:6      | Killed Jeremiah
  5884 | D:6      | Found an iron altar of Okawaru.
  6276 | D:6      | Reached skill level 5 in Staves
  6571 | D:6      | Found a staircase to the Ecumenical Temple.
  6577 | Temple   | Entered the Ecumenical Temple
  6586 | Temple   | Became a worshipper of Kikubaaqudgha
  6902 | D:7      | Reached XP level 9. HP: 78/78 MP: 14/14
  6907 | D:7      | Learned a level 4 spell: Animate Dead
  7237 | D:7      | Found Itsaur's Magic Scroll Shop.
  7246 | D:7      | Bought a scroll of blinking for 105 gold pieces
  7246 | D:7      | Bought a scroll of revelation for 105 gold pieces
  7246 | D:7      | Bought a scroll of teleportation for 42 gold pieces
  8043 | D:8      | Reached * piety under Kikubaaqudgha
  8043 | D:8      | Received a gift from Kikubaaqudgha
  8046 | D:8      | Learned a level 1 spell: Kiss of Death
  8471 | D:8      | Found a sparkling altar of Nemelex Xobeh.
  9159 | D:9      | Found Zazoargh's Armour Boutique.
  9167 | D:9      | Noticed a two-headed ogre
  9201 | D:9      | Killed a two-headed ogre
  9202 | D:9      | Reached skill level 5 in Spellcasting
  9202 | D:9      | Reached XP level 10. HP: 29/88 MP: 2/17
  9389 | D:9      | Noticed Pikel
  9397 | D:9      | Killed Pikel
 10022 | D:9      | Reached ** piety under Kikubaaqudgha
 10027 | D:9      | Found a staircase to the Orcish Mines.
 10392 | D:9      | Learned a level 5 spell: Curse of Agony
 10413 | D:10     | Entered Level 10 of the Dungeon
 10899 | D:10     | Reached XP level 11. HP: 87/97 MP: 20/20
 12276 | D:10     | Reached *** piety under Kikubaaqudgha
 12276 | D:10     | Received a gift from Kikubaaqudgha
 12584 | D:11     | Learned a level 4 spell: Dispel Undead
 12589 | D:11     | Learned a level 4 spell: Martyr's Knell
 12625 | D:11     | Found a frozen archway.
 12658 | D:11     | Found a staircase to the Lair.
 12658 | D:11     | Noticed a two-headed ogre
 12665 | D:11     | Paralysed by a hornet for 1 turns
 13735 | D:11     | HP: 4/97 [elephant (11)]
 13746 | D:11     | Killed a two-headed ogre
 13747 | D:11     | Reached skill level 1 in Summonings
 14474 | Lair:1   | Entered Level 1 of the Lair of Beasts
 14483 | Lair:1   | Noticed Grum
 14502 | Lair:1   | Reached skill level 10 in Fighting
 14507 | Lair:1   | Reached skill level 10 in Armour
 14508 | Lair:1   | Killed Grum
 14517 | Lair:1   | Your ally Grum died
 14538 | Lair:1   | Reached skill level 10 in Necromancy
 14845 | Lair:1   | Reached XP level 12. HP: 101/106 MP: 22/22
 14940 | Lair:1   | Noticed Gastronok
 14956 | Lair:1   | Killed Gastronok
 15206 | Lair:1   | Noticed a catoblepas
 15233 | Lair:1   | Killed a catoblepas
 16665 | Lair:2   | Reached skill level 10 in Staves
 17209 | Lair:2   | Reached **** piety under Kikubaaqudgha
 17541 | Lair:2   | Found a hole to the Spider Nest.
 18176 | Lair:3   | Reached XP level 13. HP: 105/116 MP: 25/25
 18332 | Lair:3   | Learned a level 6 spell: Death Channel
 18979 | Lair:3   | Reached skill level 5 in Summonings
 19258 | Lair:3   | Found a staircase to the Swamp.
 21377 | D:7      | Bought a scroll of acquirement for 728 gold pieces
 21377 | D:7      | Acquired a +2 pair of gloves of dexterity
 21392 | D:7      | Acquired a staff of death
 21649 | Lair:5   | Entered Level 5 of the Lair of Beasts
 22373 | Lair:5   | Reached XP level 14. HP: 84/126 MP: 27/27
 22665 | Lair:5   | Reached skill level 10 in Spellcasting
 22856 | Lair:5   | Reached ***** piety under Kikubaaqudgha
 23162 | Lair:5   | Found a staircase to the Slime Pits.
 23162 | Lair:5   | Found a viscous altar of Jiyva.
 24138 | D:12     | Noticed Kirke
 24159 | D:12     | Killed Kirke
 24380 | D:12     | Noticed Nessos
 24394 | D:12     | Killed Nessos
 25578 | Orc:1    | Entered Level 1 of the Orcish Mines
 25592 | Orc:1    | Found a roughly hewn altar of Beogh.
 26302 | Orc:1    | Found Aephiroh's Alliterative Armaments.
 27287 | Orc:2    | Entered Level 2 of the Orcish Mines
 27371 | Orc:2    | Reached XP level 15. HP: 26/134 MP: 6/30
 27388 | Orc:2    | Found Bocua's Jewellery Shoppe.
 27665 | Orc:2    | Bought the ring "Lufureuh" {+Blink rElec rC- rN+ Will++}
                  | for 576 gold pieces
 27767 | Orc:2    | Found Omueff's Assorted Antiques.
 27767 | Orc:2    | Found Niyvuto's Antique Armour Boutique.
 27767 | Orc:2    | Found Baniny's Distillery.
 27767 | Orc:2    | Found Wawywog's Jewellery Shoppe.
 27779 | Orc:2    | Bought a transparent ivory ring for 175 gold pieces
 27779 | Orc:2    | Identified the ring "Fiegager" {MP+9 SInv} (You bought it
                  | in a shop on level 2 of the Orcish Mines)
 27828 | Orc:2    | Found a transporter.
 27842 | Orc:2    | Noticed hofbold's ghost (journeyman MDFi)
 27870 | Orc:2    | Found a staircase to the Elven Halls.
 28251 | Orc:2    | Found a transporter.
 28699 | Orc:2    | Bought a pair of encrusted boots for 275 gold pieces
 28699 | Orc:2    | Identified the +2 pair of boots of the Mantidfly {rPois
                  | Int+2} (You bought it in a shop on level 2 of the Orcish
                  | Mines)
 28712 | Orc:2    | Bought a potion of magic for 104 gold pieces
 28712 | Orc:2    | Bought a potion of curing for 39 gold pieces
 29163 | D:13     | Found a gate to the Vaults.
 31829 | D:15     | Entered Level 15 of the Dungeon
 31978 | D:15     | Paralysed by an air elemental for 1 turns
 31978 | D:15     | HP: 4/136 [fire crab (8)]
 31983 | D:15     | Paralysed by an air elemental for 1 turns
 31989 | D:15     | Killed from afar by a crystal guardian

Illustrated notes

Levels and vault maps discovered:
D:1:      ncdulo_wetmaze, layout_loops_ring, hellmonk_ecumenical_altar_zigzags,
          chequers_serial_rivers_small_3
D:2:      kb_forest_paths, layout_basic
D:3:      layout_basic, tso_altar, chequers_temple_overflow_statue_of_worship,
          small_statue_intersection, pf_guarded_unrand_meek
D:4:      layout_cave_pools, serial_column_ruins, column_ruins_hut,
          column_ruins_temple_circle, column_ruins_columns_corner,
          column_ruins_open_large, column_ruins_open_small_water,
          column_ruins_open_medium, column_ruins_open_small,
          column_ruins_corridor_dead_end, column_ruins_grid_3, minivault_27,
          serial_library_regret_index_headful
D:5:      layout_basic, grunt_decor_resistance
D:6:      layout_rooms, okawaru_ov_weapons_minmay,
          minmay_temple_entry_nine_rooms, nicolae_elevator_lobby_asterisk,
          uniq_jeremiah
D:7:      layout_basic, serial_shops, shop_fountains
D:8:      layout_loops_ring, nemelex_spade_bored_becter
D:9:      layout_cave_pools, david_orc_1_choice, serial_shops, shop_fountains,
          nicolae_figureground_sparkle, uniq_pikel
D:10:     layout_basic, special_room [special_room_kobold],
          corexii_leaking_fountain, serial_bayou_pond_c
D:11:     layout_layer_cave, david_lair_generic, portal_ice_cave_demonic_guard
D:12:     layout_long_grid, uniq_kirke, uniq_nessos
D:13:     layout_grid_maze, david_vaults_2, minivault_12
D:14:     layout_basic, minivault_19
D:15:     hangedman_crystal_crosses_colossus [crystal_crosses_arms_four,
          crystal_crosses_arms_two, crystal_crosses_arms_one]
Temple:   bh_familiar_temple
Lair:1:   layout_hall_layers, grunt_megastairs_2, uniq_grum, uniq_gastronok
Lair:2:   layout_cave_pods, hellmonk_spider_entry_life_and_decay,
          lemuel_fruit_tree
Lair:3:   layout_small_grid, palyth_hydra_swamp_entry, beast_lair_carwin_1,
          serial_bayou_shore_a, lemuel_fruit_fields
Lair:4:   layout_loops_ring, hibernation_bobbens
Lair:5:   minmay_lair_end_enchanted_forest, layout_regular_city,
          minmay_slime_entry_jelly_boxes
Orc:1:    dreamdust_under_siege, layout_caves, monkooky_shop_alliterative
Orc:2:    st_orc_ogre_mass, layout_caves, serial_shops, shop,
          gammafunk_ghost_stat_death

Skill      XL: |  1  2  3  4  5  6  7  8  9 10 11 12 13 14 15 |
---------------+----------------------------------------------+-----
Fighting       | 1 2 3 4 5 6 7 9 10 11 12 13 | 13.3
Armour         | 1 2 3 4 5 6 7 9 10 11 12 13 | 13.0
Spellcasting   | 2 3 5 6 7 8 9 11 | 11.8
Necromancy     | 5 6 7 8 10 11 12 13 | 13.0
Staves         | 1 2 3 5 6 8 9 10 11 12 | 12.8
Summonings     | 2 4 6 7 8 |  8.0
Dodging        | |  1.3
Stealth        | |  1.4

Action                     |  1- 3 |  4- 6 |  7- 9 | 10-12 | 13-15 || total
---------------------------+-------+-------+-------+-------+-------++-------
  Melee: Dagger            |    35 |       |       |       |       ||    35
         Short sword       |       |     3 |       |       |       ||     3
         Quarterstaff      |       |    26 |   145 |   385 |   794 ||  1350
   Cast: Necrotise         |    62 |    98 |   179 |   122 |    14 ||   475
         Vampiric Draining |       |     5 |    44 |   105 |    83 ||   237
         Animate Dead      |       |       |     3 |     9 |    12 ||    24
         Martyr's Knell    |       |       |       |    15 |    30 ||    45
         Curse of Agony    |       |       |       |    17 |    20 ||    37
         Dispel Undead     |       |       |       |     1 |    26 ||    27
         Death Channel     |       |       |       |       |    23 ||    23
 Invoke: Unearth Wretches  |       |       |       |     2 |     9 ||    11
         Torment           |       |       |       |       |     1 ||     1
  Evoke: Wand              |       |       |       |     7 |     8 ||    15
    Use: Scroll            |     2 |     2 |     6 |    15 |    14 ||    39
         Potion            |       |       |       |    10 |     3 ||    13
   Stab: Sleeping          |     1 |       |       |       |       ||     1
         Distracted        |       |       |       |     2 |    11 ||    13
         Paralysed         |       |       |       |     1 |     3 ||     4
         Petrified         |       |       |       |       |     4 ||     4
 Armour: Robe              |     7 |       |       |       |       ||     7
         Leather armour    |     9 |       |       |       |       ||     9
         Scale mail        |     8 |    63 |   307 |   701 |  1058 ||  2137
  Dodge: Dodged            |    22 |    36 |   154 |   295 |   444 ||   951
         Repelled          |       |       |       |       |     3 ||     3
  Block: Other             |       |       |       |    16 |   192 ||   208
         Reflection        |       |       |       |       |    13 ||    13

Table legend: (Time is in decaauts)
 A = Elapsed time spent in this place.
 B = Non-inter-level travel time spent in this place.
 C = Inter-level travel time spent in this place.
 D = Time resting spent in this place.
 E = Time spent auto-exploring this place.
 F = Levels seen in this place.
 G = Mean time per level.
                   A        B        C        D        E       F      G
               +--------+--------+--------+--------+--------+-----+--------+
         Total |  31752 |  30095 |   1657 |   7512 |  16892 |  23 | 1380.5 |
       Dungeon |  19288 |  18137 |   1151 |   3358 |  11306 |  15 | 1285.9 |
        Temple |     17 |     17 |      0 |      0 |      0 |   1 |   17.0 |
          Lair |   9316 |   8887 |    429 |   2864 |   4531 |   5 | 1863.2 |
  Orcish Mines |   3129 |   3052 |     77 |   1290 |   1054 |   2 | 1564.5 |
               +--------+--------+--------+--------+--------+-----+--------+

Top non-repeatable levels by time:
  Lair:3: 2556 daAuts
    D:10: 2435 daAuts
  Lair:5: 2318 daAuts
  Lair:2: 1751 daAuts
     D:9: 1735 daAuts
   Orc:1: 1709 daAuts
     D:5: 1693 daAuts
  Lair:1: 1686 daAuts
    D:11: 1599 daAuts
    D:14: 1514 daAuts
   Orc:2: 1420 daAuts
    D:13: 1393 daAuts
    D:12: 1362 daAuts
     D:8: 1354 daAuts
     D:6: 1094 daAuts
